 Dungeon Sprint DCSS version 0.21.2 (webtiles) character file.

6745 Fang the Severer (level 11, -1/80 HPs)
             Began as a Gargoyle Berserker on Sept 26, 2018.
             Was the Champion of Trog.
             Shot with a bolt by an orc knight (14 damage)
             ... in the Dungeon (Sprint IX: "|||||||||||||||||||||||||||||").
             The game lasted 00:03:15 (1789 turns).

Fang the Severer (Gargoyle Berserker)               Turns: 1789, Time: 00:03:16

Health: -1/80      AC: 20    Str: 23    XL:     11   Next: 4%
Magic:  3/3        EV: 11    Int: 12    God:    Trog [******]
Gold:   672        SH:  0    Dex: 12    Spells: 10/10 levels left

rFire    . . .     SeeInvis .   s - +8 executioner's axe (antimagic)
rCold    . . .     Gourm    .   (shield currently unavailable)
rNeg     + . .     Faith    .   p - +1 chain mail
rPois    ∞         Spirit   .   (no helmet)
rElec    +         Reflect  .   (no cloak)
rCorr    .         Harm     .   (no gloves)
MR       .....     NoTele   +   (no boots)
Stlth    ..........             (no amulet)
HPRegen  0.23/turn              n - +3 ring of dexterity
MPRegen  0.08/turn              o - +3 ring of intelligence

@: berserk cooldown, slowed, very slow
A: negative energy resistance 1, electricity resistance, unbreathing,
petrification resistance, rot immunity, AC +8
a: Berserk, Trog's Hand, Brothers in Arms, Burn Spellbooks, Renounce Religion


You were in the Dungeon.
You worshipped Trog.
Trog was exalted by your worship.
You were hungry.

You visited 1 branch You collected 672 gold pieces.

Inventory:

Hand Weapons
 m - a +1 broad axe of freezing
 s - a +8 antimagic executioner's axe (weapon)
 u - a +8 antimagic war axe
Armour
 p - a +1 chain mail (worn)
Jewellery
 n - a +3 ring of dexterity (left hand)
 o - a +3 ring of intelligence (right hand)
Wands
 l - a wand of acid (10)
Scrolls
 b - a scroll of identify
 i - 4 scrolls of blinking
 k - 3 scrolls of remove curse
 q - 4 scrolls of enchant armour
 r - 3 scrolls of fear
Potions
 d - 5 potions of curing
 e - 4 potions of heal wounds
 f - 2 potions of haste
 g - 4 potions of magic
 h - 2 potions of berserk rage
 j - a potion of invisibility
Comestibles
 a - 7 chunks of flesh
 c - 10 rations


   Skills:
 + Level 14.1 Fighting
 + Level 16.6 Axes
 + Level 10.4 Armour
 + Level 6.9 Dodging
 + Level 2.8 Stealth


You had 10 spell levels left.
You didn't know any spells.

Dungeon Overview and Level Annotations

Branches:
Dungeon (1/1)

Altars:
Cheibriados
Dithmenos
Elyvilon
Fedhas
Gozag
Hepliaklqana
Kikubaaqudgha
Makhleb
Nemelex Xobeh
Okawaru
Qazlal
Ru
Sif Muna
Trog
Uskayaw
Vehumet
Wu Jian
Xom
Yredelemnul
Zin
The Shining One
Beogh
Jiyva
Lugonu


Innate Abilities, Weirdness & Mutations

You are resistant to torment.
Your stone body is resilient. (AC +8)
You are immune to poison.
You resist negative energy. (rN+)
You are resistant to electric shocks. (rElec)
You can survive without breathing.
You are immune to petrification.
You are immune to rotting.


Message History

Unknown command.
You closely miss the orc knight.
The orc knight hits you with an uncursed great sword of holy wrath!
* * * LOW HITPOINT WARNING * * *
Unknown command.
You slash the orc knight!
The orc knight is lightly wounded.
The orc knight roars a battlecry!
The orc warrior goes into a battle-frenzy!
The orc knight barely misses you.
Unknown command.
Your cyclops goes berserk!
You feel somewhat more hungry.
The orc knight hits you with an uncursed great sword of holy wrath.
* * * LOW HITPOINT WARNING * * *
The orc knight unwields an uncursed great sword of holy wrath.
It stops glowing.
The orc knight wields an uncursed arbalest.
The orc knight shoots a bolt.
The bolt hits you!
You die...

..'________________________'.?|)[
▓▓▓▓▓▓▓▓▓▓▓▓▓▓▓▓▓▓▓▓▓▓▓▓▓▓▓▓▓▓▓▓▓
.................................
▓▓▓▓▓▓▓▓▓▓▓▓▓▓▓▓▓▓▓▓▓▓▓▓▓▓▓▓▓▓▓▓▓
).....)†......)..÷.........÷.....
▓▓▓▓▓▓▓▓▓▓▓▓▓▓▓▓▓▓▓▓▓▓▓▓▓▓▓▓▓▓▓▓▓
.................................
▓▓▓▓▓▓▓▓▓▓▓▓▓▓▓▓▓▓▓▓▓▓▓▓▓▓▓▓▓▓▓▓▓
)))))))....(.[)C@$oo.....
▓▓▓▓▓▓▓▓▓▓▓▓▓▓▓▓▓▓▓▓▓▓▓▓▓


You could see an orc knight, an orc warrior and a friendly cyclops (berserk).

Vanquished Creatures
  2 orc knights (D)
  An orc sorcerer (D)
  Psyche (D)
  5 spiny frogs (D)
  A komodo dragon (D)
  A blink frog (D)
  A tyrant leech (D)
  A porcupine (D)
  3 water moccasins (D)
  7 orc warriors (D)
  An ice beast (D)
  A black bear (D)
  2 ogres (D)
  A necrophage (D)
  2 bullfrogs (D)
  A killer bee (D)
  2 hounds (D)
  An orc priest (D)
  An orc wizard (D)
  3 worker ants (D)
  An adder (D)
  6 orcs (D)
  A bat skeleton (D)
  A giant cockroach (D)
  A goblin (D)
  A hobgoblin (D)
  A bat (D)
  A jackal skeleton (D)
  2 kobolds (D)
53 creatures vanquished.

Vanquished Creatures (collateral kills)
  A hydra (D)
  2 spiny frogs (D)
  2 hippogriffs (D)
  A yak (D)
  2 water moccasins (D)
  2 orc warriors (D)
  A black bear (D)
  3 crocodiles (D)
  2 orc priests (D)
  An orc wizard (D)
  2 orcs (D)
19 creatures vanquished.

Grand Total: 72 creatures vanquished

Notes
Turn   | Place    | Note
-------+----------+-------------------------------------------
     0 | D        | Fang the Gargoyle Berserker began the quest for the Orb.
     0 | D        | Reached XP level 1. HP: 14/14 MP: 1/1
     9 | D        | Reached skill level 3 in Axes
    20 | D        | Reached ** piety under Trog
    99 | D        | Noticed an ice beast
    99 | D        | Noticed a hound
    99 | D        | Noticed an ogre
   103 | D        | Killed an ice beast
   103 | D        | Reached skill level 5 in Axes
   103 | D        | Reached XP level 2. HP: 23/23 MP: 2/2
   103 | D        | Reached XP level 3. HP: 28/28 MP: 3/3
   103 | D        | Reached XP level 4. HP: 32/32 MP: 4/4
   106 | D        | Reached *** piety under Trog
   106 | D        | Reached skill level 6 in Axes
   106 | D        | Reached XP level 5. HP: 38/38 MP: 5/5
   110 | D        | Killed an ogre
   110 | D        | Reached skill level 7 in Axes
   113 | D        | Reached XP level 6. HP: 45/45 MP: 6/6
   238 | D        | Found a roughly hewn altar of Beogh.
   238 | D        | Found a snail-covered altar of Cheibriados.
   238 | D        | Found a shadowy altar of Dithmenos.
   238 | D        | Found a white marble altar of Elyvilon.
   238 | D        | Found a blossoming altar of Fedhas.
   238 | D        | Found an opulent altar of Gozag.
   239 | D        | Found a hazy altar of Hepliaklqana.
   240 | D        | Found a viscous altar of Jiyva.
   241 | D        | Found an ancient bone altar of Kikubaaqudgha.
   242 | D        | Found a corrupted altar of Lugonu.
   243 | D        | Found a burning altar of Makhleb.
   244 | D        | Found a sparkling altar of Nemelex Xobeh.
   245 | D        | Found an iron altar of Okawaru.
   246 | D        | Found a stormy altar of Qazlal.
   247 | D        | Found a sacrificial altar of Ru.
   248 | D        | Found a deep blue altar of Sif Muna.
   249 | D        | Found a bloodstained altar of Trog.
   250 | D        | Found a hide-covered altar of Uskayaw.
   251 | D        | Found a radiant altar of Vehumet.
   252 | D        | Found an ornate altar of the Wu Jian Council.
   253 | D        | Found a shimmering altar of Xom.
   254 | D        | Found a basalt altar of Yredelemnul.
   255 | D        | Found a glowing silver altar of Zin.
   256 | D        | Found a glowing golden altar of the Shining One.
   300 | D        | Noticed a necrophage
   302 | D        | Reached **** piety under Trog
   304 | D        | Reached skill level 8 in Axes
   304 | D        | Reached skill level 1 in Stealth
   313 | D        | Killed a necrophage
   313 | D        | Reached ***** piety under Trog
   313 | D        | Reached skill level 9 in Axes
   367 | D        | Noticed a black bear
   372 | D        | Killed a black bear
   372 | D        | Reached skill level 10 in Fighting
   372 | D        | Reached skill level 5 in Armour
   372 | D        | Reached XP level 7. HP: 52/52 MP: 7/7
   376 | D        | Reached skill level 10 in Axes
   587 | D        | Noticed a spiny frog
   587 | D        | Noticed a komodo dragon
   590 | D        | Killed a spiny frog
   590 | D        | Received a gift from Trog
   590 | D        | Reached skill level 11 in Axes
   590 | D        | Reached skill level 5 in Dodging
   590 | D        | Reached XP level 8. HP: 53/59 MP: 8/8
   599 | D        | Killed a komodo dragon
   599 | D        | Reached skill level 12 in Axes
   613 | D        | Reached XP level 9. HP: 41/65 MP: 9/9
   645 | D        | Noticed a spiny frog
   648 | D        | Received a gift from Trog
   648 | D        | Reached skill level 13 in Axes
   649 | D        | Found the +5 pair of quick blades "Gyre" and "Gimble" {pierce, Dex-3}
   650 | D        | Killed a spiny frog
   652 | D        | Noticed a spiny frog
   655 | D        | Killed a spiny frog
   655 | D        | Received a gift from Trog
   659 | D        | Noticed an eight-headed hydra
   668 | D        | Killed an eight-headed hydra
   668 | D        | Reached skill level 14 in Axes
  1026 | D        | Noticed a tyrant leech
  1026 | D        | Noticed a spiny frog
  1026 | D        | Noticed a spiny frog
  1026 | D        | Noticed a spiny frog
  1027 | D        | Noticed a spiny frog
  1039 | D        | Killed a tyrant leech
  1045 | D        | Killed a spiny frog
  1047 | D        | Killed a spiny frog
  1047 | D        | Reached XP level 10. HP: 72/72 MP: 3/10
  1051 | D        | Killed a spiny frog
  1051 | D        | Reached skill level 15 in Axes
  1058 | D        | Killed a spiny frog
  1075 | D        | Reached ****** piety under Trog
  1483 | D        | Noticed Psyche
  1488 | D        | Killed Psyche
  1532 | D        | Noticed an orc knight
  1543 | D        | Killed an orc knight
  1543 | D        | Received a gift from Trog
  1551 | D        | Reached skill level 16 in Axes
  1566 | D        | Received a gift from Trog
  1757 | D        | Noticed an orc sorcerer
  1757 | D        | Noticed an orc knight
  1765 | D        | Killed an orc sorcerer
  1769 | D        | Killed an orc knight
  1769 | D        | Reached skill level 10 in Armour
  1772 | D        | Received a gift from Trog
  1774 | D        | Reached XP level 11. HP: 58/80 MP: 3/11
  1776 | D        | Noticed an orc knight
  1789 | D        | Shot with a bolt by an orc knight

Skill      XL: |  1  2  3  4  5  6  7  8  9 10 |
---------------+-------------------------------+-----
Axes           | 5 6 7 9 11 12 14 16 | 16.6
Fighting       | 6 7 8 10 11 12 14 | 14.1
Armour         | 3 4 5 6 7 10 | 10.4
Dodging        | 2 3 4 5 6 |  6.9
Stealth        | 1 2 |  2.8

Action                   |  1- 3 |  4- 6 |  7- 9 | 10-12 || total
-------------------------+-------+-------+-------+-------++-------
Melee: Hand axe          |    28 |    11 |       |       ||    39
       Broad axe         |       |    17 |    26 |       ||    43
       Battleaxe         |       |       |    20 |    58 ||    78
       Executioner's axe |       |       |       |    24 ||    24
Invok: Berserk           |     1 |     2 |     2 |     2 ||     7
       Brothers in Arms  |       |       |     3 |     2 ||     5
  Use: Potion            |       |       |       |     2 ||     2
  Eat: Chunk             |       |       |     5 |     2 ||     7
       Ration            |       |       |       |     1 ||     1
Armor: Animal skin       |     9 |     1 |       |       ||    10
       Chain mail        |       |    11 |    17 |    30 ||    58
Dodge: Dodged            |    19 |     9 |    19 |    28 ||    75
